 Dungeon Crawl Stone Soup version 0.28-a0-1182-g381e24db82 (webtiles) character file.

Game seed: 7739892895395700472

0 siradein the Caller (level 1, 0/9 HPs)
             Began as a Vine Stalker Summoner on Dec 16, 2021.
             Slain by a bat (1 damage)
             ... on level 1 of the Dungeon.
             The game lasted 00:01:22 (91 turns).

siradein the Caller (Vine Stalker Summoner)           Turns: 91, Time: 00:01:22

Health: 0/9        AC:  2    Str: 10    XL:     1   Next: 10%
Magic:  0/4        EV: 12    Int: 15    God:
Gold:   7          SH:  0    Dex: 14    Spells: 3/4 levels left

rFire   . . .      SeeInvis .   (no weapon)
rCold   . . .      Faith    .   (no shield)
rNeg    . . .      Spirit   +   a - +0 robe
rPois   .          Reflect  .   (no helmet)
rElec   .          Harm     .   (no cloak)
rCorr   .          Rampage  .   (no gloves)
Will    .....                   (no boots)
Stlth   ++........              (no amulet)
HPRegen 0.03/turn               (no ring)
MPRegen 0.09/turn               (no ring)

@: no status effects
A: fangs 2, magic shield, antimagic bite, no potion heal 2
a: no special abilities


You were on level 1 of the Dungeon.
You visited 1 branch of the dungeon, and saw 1 of its levels.

You collected 7 gold pieces.

Inventory:

Armour
 a - a +0 robe (worn)


   Skills:
 + Level 1.5 Dodging
 + Level 2.4 Stealth
 + Level 2.2 Spellcasting
 + Level 4.0 Summonings


You had 3 spell levels left.
You knew the following spells:

 Your Spells              Type           Power      Damage    Failure   Level
a - Summon Small Mammal   Summ           52%        N/A       4%          1

Your spell library contained the following spells:

 Spells                   Type           Power      Damage    Failure   Level
 Call Imp                 Summ           13%        N/A       6%          2
 Call Canine Familiar     Summ           13%        N/A       13%         3
 Summon Guardian Golem    Hex/Summ       7%         N/A       28%         3
 Summon Lightning Spire   Summ/Air       7%         N/A       67%         4


Dungeon Overview and Level Annotations

Branches:
Dungeon (1/15)

Altars:


Innate Abilities, Weirdness & Mutations

You have extremely sharp teeth.
When hurt, damage is shared between your health and your magic reserves.
Your bite disrupts and absorbs the magic of your enemies.
Potions cannot restore your health.


Message History

You closely miss the quokka. Your bite misses the quokka.
The quokka is severely wounded.
Your bat misses the quokka.
The quokka bites you but does no damage.
The quokka bites you.
* * * LOW HITPOINT WARNING * * *
You hit the quokka but do no damage.
The quokka is severely wounded.
Your bat barely misses the quokka.
The quokka closely misses you. The quokka closely misses your bat.
Your bat hits the quokka but does no damage.
Your bat hits the quokka but does no damage.
Your bat closely misses the quokka.
The quokka barely misses your bat. The bat hits you.
Your bat misses the quokka.
The quokka bites your bat but does no damage.
The bat closely misses you.
Your bat misses the quokka.
The bat hits your bat but does no damage.
Your bat closely misses the bat.
The bat closely misses your bat. The quokka bites your bat.
Your bat dies!
Your bat's corpse disappears in a puff of smoke!
The bat hits you but does no damage. The bat barely misses you.
The bat closely misses you. The bat hits you but does no damage.
The bat hits you but does no damage. The bat hits you but does no damage.
The bat closely misses you.
You see here a bat corpse.
The bat hits you but does no damage. The bat hits you but does no damage.
The bat hits you but does no damage. The bat barely misses you.
You are too injured to fight recklessly!
The bat closely misses you. x2
Casting: Summon Small Mammal (safe; 4% risk of failure)
Confirm with . or Enter, or press ? or * to list all spells.
The bat closely misses you. The bat hits you but does no damage.
The bat hits you.
You die...

... ...##########
............####
#.#.†..K...#
#K####.##.# #.# #.##.#
#r# #.##r# #b# ##.##.#
#@###...#K#
#r##......#
#.###.........##
#..............#
######''###....#####..
##≈≈.......8.....K...#
#≈≈..≈≈≈≈≈≈.######...#
#≈..≈≈...≈≈≈# ...
#≈.≈≈..≈..≈≈# ..


You could see a quokka, a bat (ally target), a kobold and a friendly quokka
(summoned).

Vanquished Creatures (collateral kills)
  A bat (D:1)
1 creature vanquished.

Notes
Turn   | Place    | Note
-------+----------+-------------------------------------------
     0 | D:1      | siradein the Vine Stalker Summoner began the quest for the
                  | Orb.
     0 | D:1      | Reached XP level 1. HP: 9/9 MP: 4/4
    91 | D:1      | Slain by a bat

Illustrated notes

Levels and vault maps discovered:
D:1:      psy_arrival_whirlpool, layout_loops_ring,
          shapermc_ecumenical_altar_totnotflames,
          chequers_serial_rivers_large_b, minmay_bisected

Action                   || total
-------------------------++-------
Melee: Unarmed           ||    15
       Bite              ||     3
 Cast: Summon Small Mamm ||     3
Armor: Robe              ||    12
Dodge: Dodged            ||    22

Table legend: (Time is in decaauts)
 A = Elapsed time spent in this place.
 B = Non-inter-level travel time spent in this place.
 C = Inter-level travel time spent in this place.
 D = Time resting spent in this place.
 E = Time spent auto-exploring this place.
 F = Levels seen in this place.
 G = Mean time per level.
                   A        B        C        D        E       F      G
               +--------+--------+--------+--------+--------+-----+--------+
         Total |     91 |     91 |      0 |      0 |     37 |   1 |   91.0 |
       Dungeon |     91 |     91 |      0 |      0 |     37 |   1 |   91.0 |
               +--------+--------+--------+--------+--------+-----+--------+

Top non-repeatable levels by time:
     D:1: 91 daAuts
